 Dungeon Crawl Stone Soup version 0.30-a0-219-gf2db51d15e (webtiles) character file.

Game seed: 8307886560103958683

2 blackman the Sneak (level 1, -3/17 (18) HPs)
             Began as a Human Delver on Oct 7, 2022.
             Slain by a wight
             ... wielding a +3 short sword
              (6 damage)
             ... on level 7 of the Dungeon.
             The game lasted 00:03:44 (254 turns).

blackman the Sneak (Human Delver)                    Turns: 254, Time: 00:03:45

HP:   -3/17 (18)    AC:  3    Str: 12    XL:     1   Next: 33%
MP:   1/1           EV: 12    Int: 10    God:
Gold: 25            SH:  0    Dex: 14    Spells: 0/0 levels left

rFire   + . .      SeeInvis .    a - +0 falchion
rCold   + . .      Faith    .    (no shield)
rNeg    . . .      Spirit   .    b - +0 leather armour
rPois   +          Reflect  .    (no helmet)
rElec   +          Harm     .    (no cloak)
rCorr   +          Rampage  .    (no gloves)
Will    .....                    (no boots)
Stlth   +++.......               (no amulet)
HPRegen 0.22/turn                (no ring)
MPRegen 0.07/turn                (no ring)

@: resistant, drained
A: no striking features
a: no special abilities


You were on level 7 of the Dungeon.
You visited 1 branch of the dungeon, and saw 3 of its levels.

You collected 25 gold pieces.

Inventory:

Hand Weapons
 a - a +0 falchion (weapon)
Armour
 b - a +0 leather armour (worn)
Wands
 g - a wand of digging (1)
Scrolls
 c - a scroll of fog
 d - a scroll of magic mapping


   Skills:
 - Level 3.0 Fighting
 + Level 2.2 Long Blades
 - Level 2.0 Dodging
 - Level 5.0 Stealth


You couldn't memorise any spells.
You didn't know any spells.
Your spell library was empty.

Dungeon Overview and Level Annotations

Branches:
Dungeon (7/15)
 Temple: D:4-7

Altars:


Message History

There is an open door here.
There is a stone staircase leading down here.
You open the door.
There is an open door here.
Found 12 gold pieces.
You now have 25 gold pieces (gained 12).
You hear the slow hiss of a distant avalanche of sand.
Found a leather armour.
A white imp comes into view.
An orc comes into view. It is wielding a +0 mace.
You see here a +0 leather armour.
Found a scroll labelled BOMALUH ANIGEI.
The orc shouts!
The orc completely misses you.
You barely miss the orc. The orc hits you but does no damage.
You hit the orc but do no damage. The orc hits you but does no damage.
You closely miss the orc. The orc hits you with a +0 mace.
You hit the orc.
The orc is heavily wounded.
The orc barely misses you.
A wight comes into view. It is wielding a +3 short sword.
You slash the orc!
You kill the orc!
The wight closely misses you.
The wight hits you with a +3 short sword.
Things that are here:
a +0 mace; a +0 ring mail It was a potion of resistance.
You feel protected.
The wight hits you with a +3 short sword.
You feel drained. The wight attacks as you move away!
The wight hits you with a +3 short sword.
A wight comes into view. It is wielding a +0 mace.
The wight attacks as you move away!
The wight hits you with a +3 short sword.
* * * LOW HITPOINT WARNING * * *
The wight attacks as you move away!
The wight hits you with a +3 short sword.
You die...

#.# #.... #. .. +... #.
####.. #.. ###. +.#..
..# #... # #.#.#####.#
#.## ###. #......)..#
#.# .....
##..#####[#####.#
......##z....##....##.#
#...@.....##.#####.#
#.####....##.......#
#.......#######
#.......# #........
####+#.... #....#
#...^# #..5.#


You could see a wight.

Vanquished Creatures
  An orc (D:7)
1 creature vanquished.

Notes
Turn   | Place    | Note
-------+----------+-------------------------------------------
     0 | D:5      | blackman the Human Delver began the quest for the Orb.
     0 | D:5      | Reached XP level 1. HP: 18/18 MP: 1/1
    34 | D:5      | Noticed a jelly
    56 | D:6      | Noticed a hound
   110 | D:6      | Noticed a hound
   120 | D:7      | Noticed a wyvern
   126 | D:7      | Noticed a jelly
   129 | D:7      | Noticed a sky beast
   244 | D:7      | Noticed a wight
   251 | D:7      | Noticed a wight
   254 | D:7      | Slain by a wight

Illustrated notes

Levels and vault maps discovered:
D:5:      layout_basic, nicolae_overflow_crystal_walls, cheibriados_altar_1
D:6:      lemuel_slime, layout_basic, nzn_hepliaklqana_mist_gate, uniq_maggie,
          uniq_eustachio
D:7:      layout_basic, nzn_wu_jian_contemplation,
          minmay_temple_entry_drinking_statues, enter_ossuary_2,
          minmay_hedge_maze, uniq_duvessa

Action                   || total
-------------------------++-------
Melee: Falchion          ||     5
Evoke: Wand              ||     2
  Use: Scroll            ||     2
       Potion            ||     2
Armor: Leather armour    ||     4
Dodge: Dodged            ||     3

Table legend: (Time is in decaauts)
 A = Elapsed time spent in this place.
 B = Non-inter-level travel time spent in this place.
 C = Inter-level travel time spent in this place.
 D = Time resting spent in this place.
 E = Time spent auto-exploring this place.
 F = Levels seen in this place.
 G = Mean time per level.
                   A        B        C        D        E       F      G
               +--------+--------+--------+--------+--------+-----+--------+
         Total |    235 |    233 |      2 |      0 |     11 |   3 |   78.3 |
       Dungeon |    235 |    233 |      2 |      0 |     11 |   3 |   78.3 |
               +--------+--------+--------+--------+--------+-----+--------+

Top non-repeatable levels by time:
     D:7: 138 daAuts
     D:6: 56 daAuts
     D:5: 40 daAuts
